 Dungeon Crawl Stone Soup version 0.25.1-2-g60ff931df9 (webtiles) character file.

Game seed: 4141164485483682397

3745 DearestLeader the Cleaver (level 10, -14/88 HPs)
             Began as a Hill Orc Monk on Nov 15, 2020.
             Was a Priest of Beogh.
             Demolished by a two-headed ogre
             ... wielding a +0 giant club
              (19 damage)
             ... on level 8 of the Dungeon.
             The game lasted 00:21:03 (9850 turns).

DearestLeader the Cleaver (Hill Orc Monk)           Turns: 9850, Time: 00:21:03

Health: -14/88     AC: 17    Str: 18    XL:     10   Next: 15%
Magic:  6/10       EV:  8    Int: 10    God:    Beogh [***...]
Gold:   207        SH:  5    Dex: 13    Spells: 9/9 levels left

rFire    . . .     SeeInvis +   J - +1 hand axe (freeze) (curse)
rCold    . . .     Gourm    .   (no shield)
rNeg     + . .     Faith    .   l - +1 chain mail {rN+}
rPois    .         Spirit   .   (no helmet)
rElec    .         Reflect  +   F - +0 cloak (curse)
rCorr    .         Harm     .   (no gloves)
MR       .....                  (no boots)
Stlth    ..........             w - amulet of reflection
HPRegen  0.24/turn              r - ring of see invisible
MPRegen  0.12/turn              u - +4 ring of protection

@: no status effects
A: no striking features
a: Smiting, Renounce Religion


You were on level 8 of the Dungeon.
You worshipped Beogh.
Beogh was most pleased with you.
You were not hungry.

You visited 1 branch of the dungeon, and saw 8 of its levels.

You collected 309 gold pieces.
You spent 102 gold pieces at shops.

Inventory:

Hand Weapons
 a - a +0 hand axe
 v - a +2 mace of protection
 G - a +1 whip of freezing
 I - a cursed +5 battleaxe
 J - a cursed +1 hand axe of freezing (weapon)
Missiles
 o - 3 atropa-tipped darts (quivered)
Armour
 i - a +0 buckler
 l - a +1 chain mail of positive energy (worn)
 D - a +0 plate armour
 F - a cursed +0 cloak (worn)
Jewellery
 r - a ring of see invisible (left hand)
 u - a +4 ring of protection (right hand)
 w - an amulet of reflection (around neck)
 C - the ring "Omonla Daakh" {rElec MR- Dex+10 Stlth-}
   (You found it on level 5 of the Dungeon)

   [ring of attention]

   It affects your dexterity (+10).
   It insulates you from electricity.
   It affects your resistance to hostile enchantments.
   It makes you less stealthy.
Wands
 t - a wand of digging (6)
Scrolls
 f - 3 scrolls of identify
 h - 4 scrolls of remove curse
 j - 5 scrolls of teleportation
 k - 2 scrolls of enchant weapon
 m - a scroll of immolation
 n - 4 scrolls of enchant armour
 s - 3 scrolls of blinking
 y - a scroll of magic mapping
 A - a scroll of fog
 B - 2 scrolls of fear
 H - a scroll of acquirement {unknown}
Potions
 d - 2 potions of might
 e - 2 potions of haste
 p - a potion of brilliance
 q - a potion of cancellation {unknown}
 x - 2 potions of curing
 z - a potion of flight {unknown}
 E - a potion of stabbing {unknown}
 K - a potion of magic {unknown}
Comestibles
 b - 14 chunks of flesh
 c - 13 rations


   Skills:
 - Level 8.3 Fighting
 * Level 13.6 Axes
 + Level 7.8 Armour
 + Level 2.7 Dodging
 - Level 1.5 Stealth


You had 9 spell levels left.
You didn't know any spells.
Your spell library contained the following spells:

 Spells                   Type           Power        Failure   Level  Hunger
 Infusion                 Chrm           #...         98%         1    ##.....
 Shroud of Golubria       Chrm/Tloc      #.....       99%         2    ###....
 Song of Slaying          Chrm           #.......     99%         2    ###....
 Confusing Touch          Hex            #.......     100%        3    ####...
 Gell's Gravitas          Tloc           #.........   100%        3    ####...
 Ozocubu's Armour         Chrm/Ice       #.......     100%        3    ####...
 Spectral Weapon          Hex/Chrm       #.......     100%        3    ####...
 Petrify                  Tmut/Erth      #.......     100%        4    #####..
 Metabolic Englaciation   Hex/Ice        #.........   100%        5    ######.
 Yara's Violent Unravell  Hex/Tmut       #.........   100%        5    ######.


Dungeon Overview and Level Annotations

Branches:
Dungeon (8/15)             Temple (0/1) D:6
   Lair: D:8-11

Altars:
Yredelemnul
Zin
The Shining One

Shops:
D:5 !%%??

Annotations:
D:6 3 runed translucent doors, Allula97's ghost, novice DsTm
D:8 Harold


Message History

The two-headed ogre hits you but does no damage.
Unknown command.
Harold shouts!
Harold throws a throwing net.
The throwing net hits you.
You become entangled in the net!
You see here a throwing net.
You struggle against the net.
The two-headed ogre hits you with a +0 giant club.
The two-headed ogre hits you with a +0 giant club!
You struggle against the net.
Harold hits you from afar with a +0 halberd.
The two-headed ogre hits you but does no damage.
The two-headed ogre hits you with a +0 giant club!
* * * LOW HITPOINT WARNING * * *
You struggle against the net.
Harold hits you but does no damage.
You rip the net and break free!
The two-headed ogre hits you with a +0 giant club!
* * * LOW HITPOINT WARNING * * *
The two-headed ogre hits you with a +0 giant club!!
You die...

......# #.......#
......#### #.......#
.........# #.......#
.........####..?....####
...........###...?......
.........#.###.#.#######
...........[[.[)........
.........#####รท.O######.
.....#.....# #..@.......
####.#####.#
#...#########.# ...#.# .#
#...@...#.....# ##.#.# #
##.#..#.#.#####.# .#.#.#
#.#............# .#.#.#
#.#..#.#.####### .#.#.
###...<......... ...#
#.####.####### ...# ....


You could see Harold and a two-headed ogre.

Vanquished Creatures
  Pikel (D:5)
  A hippogriff (D:7)
  7 yaks
  2 orc warriors
  A black bear (D:6)
  An ice beast (D:6)
  A phantom (D:4)
  2 ogres
  2 centaurs (D:5)
  3 bullfrogs
  A gnoll sergeant (D:7)
  A scorpion (D:7)
  4 wights (D:7)
  A howler monkey (D:7)
  2 crimson imps
  A bullfrog zombie (D:6)
  3 hounds
  2 jellies (D:6)
  A bullfrog skeleton (D:7)
  Crazy Yiuf (D:3)
  6 orc wizards
  Natasha (D:2)
  3 worker ants
  A hound zombie (D:5)
  5 gnolls (D:7)
  8 adders
  2 shadow imps
  An ooze (D:4)
  An adder skeleton (D:7)
  A dart slug (D:1)
  5 leopard geckos
  15 orcs
  4 bats (D:1)
  8 giant cockroaches
  6 goblins
  6 hobgoblins
  13 jackals
  3 quokkas
  8 frilled lizards
  A giant cockroach zombie (D:5)
  4 kobolds
  A leopard gecko zombie (D:8)
  A quokka skeleton (D:4)
  7 rats
149 creatures vanquished.

Vanquished Creatures (collateral kills)
  An orc priest (D:8)
1 creature vanquished.

Vanquished Creatures (others)
  5 orc wizards
  A worker ant (D:5)
  An orc (D:8)
7 creatures vanquished.

Grand Total: 157 creatures vanquished

Notes
Turn   | Place    | Note
-------+----------+-------------------------------------------
     0 | D:1      | DearestLeader the Hill Orc Monk began the quest for the
                  | Orb.
     0 | D:1      | Reached XP level 1. HP: 19/19 MP: 1/1
   270 | D:1      | Reached XP level 2. HP: 23/26 MP: 2/2
   804 | D:1      | Reached skill level 5 in Axes
  1389 | D:2      | Reached skill level 1 in Armour
  1389 | D:2      | Reached XP level 3. HP: 26/31 MP: 3/3
  1643 | D:1      | Reached XP level 4. HP: 36/39 MP: 4/4
  1676 | D:2      | Reached skill level 6 in Axes
  1972 | D:2      | Found a glowing golden altar of the Shining One.
  2584 | D:3      | Noticed an orc warrior
  2604 | D:3      | Noticed Natasha
  2613 | D:2      | Killed Natasha
  3014 | D:3      | Found a glowing silver altar of Zin.
  3075 | D:4      | Reached XP level 5. HP: 41/45 MP: 5/5
  3294 | D:4      | Reached skill level 7 in Axes
  3363 | D:4      | Noticed a phantom
  3471 | D:4      | Killed a phantom
  3471 | D:4      | Reached XP level 6. HP: 32/51 MP: 6/6
  3754 | D:4      | Reached skill level 8 in Axes
  4636 | D:5      | Entered Level 5 of the Dungeon
  4770 | D:5      | Reached XP level 7. HP: 19/59 MP: 7/7
  5007 | D:5      | Found Cajubasi's Food Emporium.
  5053 | D:5      | Noticed a yak
  5053 | D:5      | Noticed a yak
  5130 | D:5      | Noticed a yak
  5132 | D:5      | Reached skill level 9 in Axes
  5404 | D:6      | Reached skill level 5 in Fighting
  5493 | D:6      | Reached XP level 8. HP: 53/68 MP: 8/8
  5603 | D:6      | Found a runed translucent gate.
  5603 | D:6      | Found a runed translucent gate.
  5603 | D:6      | Found a runed translucent gate.
  5750 | D:6      | Reached skill level 10 in Axes
  5755 | D:6      | Reached skill level 5 in Armour
  6064 | D:6      | Noticed Allula97's ghost (novice DsTm)
  6209 | D:6      | Found a staircase to the Ecumenical Temple.
  6210 | D:6      | Became a worshipper of Beogh the Brigand
  6210 | D:6      | Reached * piety under Beogh
  6210 | D:6      | Reached ** piety under Beogh
  6462 | D:5      | Found Nyfyit's Magic Scroll Shoppe.
  6465 | D:5      | Bought a scroll of magic mapping for 38 gold pieces
  6465 | D:5      | Bought a scroll of fog for 22 gold pieces
  6666 | D:5      | Found Bacedeo's Magic Scroll Boutique.
  6669 | D:5      | Bought a scroll of fear for 42 gold pieces
  6763 | D:5      | Got a heavily runed brass ring
  6765 | D:5      | Identified the ring "Omonla Daakh" {rElec MR- Dex+10
                  | Stlth-} (You found it on level 5 of the Dungeon)
  6778 | D:5      | Found Matar's Food Shoppe.
  6787 | D:5      | Noticed Pikel
  7106 | D:3      | Found a runed translucent door.
  7107 | D:3      | Noticed Crazy Yiuf
  7255 | D:3      | Killed Crazy Yiuf
  7608 | D:5      | Killed Pikel
  7608 | D:5      | Reached skill level 11 in Axes
  7608 | D:5      | Reached XP level 9. HP: 67/78 MP: 9/9
  7685 | D:5      | Found Aroidgh's Distillery.
  7733 | D:5      | Reached skill level 12 in Axes
  8597 | D:7      | Found a basalt altar of Yredelemnul.
  8795 | D:7      | Reached *** piety under Beogh
  8870 | D:7      | Reached skill level 13 in Axes
  9144 | D:8      | Noticed a two-headed ogre
  9245 | D:8      | Noticed Harold
  9416 | D:7      | Reached XP level 10. HP: 41/88 MP: 10/10
  9850 | D:8      | Demolished by a two-headed ogre

Illustrated notes

Levels and vault maps discovered:
D:1:      wheals_arrival_linesprint, layout_basic
D:2:      layout_loops_ring, first_ration, tso_metal_star
D:3:      layout_rooms, zin_scriptorium, uniq_natasha, uniq_crazy_yiuf_cottage
D:4:      layout_rooms, minmay_misc_feat_enclosed
D:5:      layout_basic, serial_shops, kennysheep_mini_moat,
          nicolae_shop_behind_doors, nicolae_shop_behind_doors, shop_fountains,
          kennysheep_little_box, uniq_pikel
D:6:      layout_loops_ring, minmay_temple_entry_proselytizer,
          gammafunk_ghost_icy
D:7:      layout_basic, nicolae_overflow_crystal_walls
D:8:      layout_basic, nicolae_overflow_hidden_temple,
          grunt_temple_overflow_opulence, hangedman_little_slice_of_home,
          uniq_harold, uniq_psyche

Skill      XL: |  1  2  3  4  5  6  7  8  9 |
---------------+----------------------------+-----
Axes           | 5 6 7 8 9 11 13 | 13.6
Armour         | 1 2 3 4 6 7 |  7.8
Fighting       | 4 5 6 8 |  8.3
Dodging        | |  2.7
Stealth        | |  1.5

Action                   |  1- 3 |  4- 6 |  7- 9 | 10-12 || total
-------------------------+-------+-------+-------+-------++-------
Melee: Hand axe          |    96 |   130 |    66 |    43 ||   335
       Short sword       |       |   117 |    14 |       ||   131
       Mace              |       |       |   399 |       ||   399
Throw: Dart              |       |     3 |       |       ||     3
       Throwing net      |       |     1 |       |       ||     1
Invok: Convert to Beogh  |       |       |     1 |       ||     1
       Smiting           |       |       |       |     2 ||     2
  Use: Scroll            |       |    10 |     3 |       ||    13
       Potion            |       |     1 |     1 |       ||     2
  Eat: Chunk             |     2 |    10 |     9 |     1 ||    22
       Ration            |       |       |     2 |       ||     2
Armor: Robe              |     7 |       |       |       ||     7
       Chain mail        |    41 |   134 |   105 |    12 ||   292
       Plate armour      |       |       |   208 |       ||   208
Dodge: Dodged            |    45 |    99 |   132 |     8 ||   284
Block: Other             |       |       |    76 |     5 ||    81
       Reflection        |       |       |     3 |       ||     3
